 Dungeon Crawl Stone Soup version 0.17-a0-227-gf5308cc (webtiles) character file.

7709 Ngotmuk the Corrupter of Planes (level 11, -8/86 HPs)
             Began as a Demonspawn Abyssal Knight on Mar 29, 2015.
             Was the Champion of Lugonu.
             Mangled by a komodo dragon (19 damage)
             ... on level 11 of the Dungeon.
             The game lasted 00:40:13 (11431 turns).

Ngotmuk the Corrupter of Planes (DsAK)             Turns: 11431, Time: 00:40:13

Health: -8/86      AC: 18    Str: 16    XL:     11   Next: 0%
Magic:  25/25      EV: 14    Int: 14    God:    Lugonu [******]
Gold:   372        SH:  0    Dex: 17    Spells: 0 memorised, 10 levels left

rFire  . . .     SeeInvis .     t - +4 flail
rCold  . . .     Clarity  +     c - +3 scale mail {rPois}
rNeg   + . .     SustAb   .     (no shield)
rPois  +         Gourm    .     w - +2 helmet
rElec  .         Spirit   .     n - +0 cloak (curse)
rCorr  .         Warding  .     H - +0 pair of gloves
rMut   .         Stasis   .     u - +0 pair of boots
MR     +++..                    D - amulet of the Four Winds {Clar rN+ MR+++}
Stlth  ++++......               I - +3 ring of dexterity
                                v - ring of stealth

@: about to teleport, extremely resistant to hostile enchantments, stealthy
A: talons 1, thin skeletal structure 1, nightstalker 2, sense surroundings 1,
spiny 1, augmentation 2
a: Depart the Abyss, Bend Space, Banish, Corrupt, Enter the Abyss, Renounce
Religion


You were on level 11 of the Dungeon.
You worshipped Lugonu.
Lugonu was exalted by your worship.
You were not hungry.

You visited 1 branch of the dungeon, and saw 11 of its levels.
You visited the Abyss 1 time.

You collected 372 gold pieces.

Inventory:

Hand weapons
 b - the +3 whip of Beaghio {antimagic, *Rage rN+++ Str+2 Dex-4}
   (You found it on level 5 of the Dungeon)

   It disrupts the flow of magical energy around spellcasters and certain
   magical creatures (including the wielder).
   It affects your strength (+2).
   It affects your dexterity (-4).
   It renders you almost immune to negative energy.
   It may make you go berserk in combat.
 t - a +4 flail (weapon)
Armour
 c - a +3 scale mail of poison resistance (worn)
 n - a cursed +0 cloak (worn)
 u - a +0 pair of boots (worn)
 w - a +2 helmet (worn)
 x - a +2 scale mail of cold resistance
 H - a +0 pair of gloves (worn)
Jewellery
 v - a ring of stealth (left hand)
 A - an uncursed ring of flight
 D - the amulet of the Four Winds (around neck) {Clar rN+ MR+++}
   (You found it on level 9 of the Dungeon)

   [amulet of clarity]

   It provides mental clarity.
   It protects you from negative energy.
   It affects your resistance to hostile enchantments.
 I - a +3 ring of dexterity (right hand)
Magical devices
 q - a wand of confusion (15)
 E - a wand of fireball (7)
 F - a wand of fireball (7)
 G - a wand of flame (27)
Scrolls
 e - 2 scrolls of teleportation
 h - a scroll of amnesia
 j - 2 scrolls of enchant armour
 l - 2 scrolls of recharging
 p - 2 scrolls of enchant weapon
 s - 6 scrolls of remove curse
 C - 2 scrolls of magic mapping
 J - a scroll of fog {unknown}
 Q - a scroll of identify
Potions
 a - a potion of invisibility
 g - a potion of brilliance
 k - a potion of cancellation
 m - 2 potions of restore abilities
 o - a potion of might
 r - a potion of ambrosia
 z - a potion of curing
 B - a potion of agility
 K - a potion of cure mutation
Books
 y - a book of Control

   Spells                             Type                      Level
   a - Control Teleport               Charms/Translocation         4
   b - Control Undead                 Necromancy                   4
   c - Enslavement                    Hexes                        4
   d - Metabolic Englaciation         Hexes/Ice                    5
   e - Mass Confusion                 Hexes                        6
 N - a book of the Warp

   Spells                             Type                      Level
   a - Recall                         Summoning/Translocation      3
   b - Control Teleport               Charms/Translocation         4
   c - Force Lance                    Conjuration/Translocation    4
   d - Phase Shift                    Translocation                5
   e - Warp Weapon                    Charms/Translocation         5
   f - Gell's Gravitas                Hexes/Translocation          5
   g - Summon Forest                  Summoning/Translocation      5
 O - a book of Flames

   Spells                             Type                      Level
   a - Flame Tongue                   Conjuration/Fire             1
   b - Throw Flame                    Conjuration/Fire             2
   c - Conjure Flame                  Conjuration/Fire             3
   d - Inner Flame                    Hexes/Fire                   3
   e - Sticky Flame                   Conjuration/Fire             4
   f - Fireball                       Conjuration/Fire             5
Comestibles
 d - 2 bread rations
 f - 7 meat rations
 L - a slice of pizza
 P - 2 royal jellies


   Skills:
 + Level 8.1 Fighting
 + Level 7.3 Maces & Flails
 + Level 7.1 Armour
 + Level 7.0 Dodging
 + Level 10.1 Invocations


You had 10 spell levels left.
You didn't know any spells.

Dungeon Overview and Level Annotations

Branches:
Dungeon (11/15)            Temple (0/1) D:5            Lair (0/8) D:10
    Orc: D:9-12

Altars:
Dithmenos
Elyvilon
Fedhas
Gozag
Okawaru
Qazlal
Ru
Trog
Xom
Zin
The Shining One

Shops:
D:6 *   D:10 [


Innate Abilities, Weirdness & Mutations

You have sharp toenails.
You have a somewhat thin skeletal structure (Dex +2, Stealth).
You are significantly more attuned to the shadows.
You are partially covered in sharp spines.
Your magical and physical power is enhanced at high health.
You passively map a small area around you.


Message History

The komodo dragon misses you.
You hit the komodo dragon but do no damage.
The komodo dragon is moderately wounded.
The komodo dragon closely misses you. The komodo dragon barely misses you.
You barely miss the komodo dragon.
The komodo dragon is moderately wounded.
The komodo dragon is struck by your spines.
The komodo dragon bites you!!
* * * LOW HITPOINT WARNING * * *
You feel much better. The komodo dragon bites you!
* * * LOW HITPOINT WARNING * * *
You hit the komodo dragon.
The komodo dragon is severely wounded.
The komodo dragon bites you!
* * * LOW HITPOINT WARNING * * *
You hear the stately ticking of a very distant clock.
Found 13 sling bullets.
As you read the scroll of teleportation, it crumbles to dust.
You feel strangely unstable. The komodo dragon bites you!!
You die...

, , , + * * , , .(. Y
* ......# , ###.#
.......# ,, ,#...##
#.......#, #.....
#.......+, +.....
#.......#+#######.....
#....@l...............
*
#............###+#....
* *#............#
,,+....
,,.............#
,#.... , ###.........#
,#....
#.........#####.... ,
#...............### ,
...########....# ,..
####.#


You could see a komodo dragon.

Vanquished Creatures
  An ice statue (D:9)
  Pikel (D:6)
  Joseph (D:9)
  3 komodo dragons (D:10)
  A merfolk (D:9)
  The ghost of Restia the Firebug, an experienced DEFE of Vehumet (D:5)
  A troll (D:9)
  The ghost of Pikaro the Cutter, an average OpAs (D:4)
  5 yaks (D:10)
  A shadow (D:8)
  A deep elf mage (D:9)
  A hippogriff (D:8)
  A steam dragon (D:10)
  Menkaure (D:6)
  A sky beast (D:8)
  2 ice beasts
  5 centaurs
  4 ogres
  2 crocodiles
  Duvessa (D:9)
  2 big kobolds
  5 giant frogs
  2 scorpions
  2 wyvern skeletons
  3 jellies
  3 killer bees (D:10)
  3 wights (D:8)
  Dowan (D:9)
  A crimson imp (D:7)
  3 goliath beetles
  A giant frog zombie (D:9)
  2 quasits (D:7)
  A giant frog skeleton (D:6)
  2 centaur skeletons
  5 hounds
  5 iguanas
  4 orc wizards
  Natasha (D:6)
  9 worker ants
  A hound zombie (D:8)
  Terence (D:4)
  9 gnolls
  Robin (D:4)
  A worker ant zombie (D:8)
  9 adders
  A shadow imp (D:5)
  A worm (D:4)
  A white imp (D:4)
  An adder skeleton (D:8)
  2 adder zombies
  11 giant geckos
  27 orcs
  A bat skeleton (D:4)
  26 goblins
  20 hobgoblins
  10 jackals
  6 quokkas
  2 ball pythons
  11 bats
  5 giant cockroaches
  A giant gecko skeleton (D:7)
  4 giant newts
  A giant spore (D:9)
  A goblin skeleton (D:4)
  A goblin zombie (D:4)
  A jackal zombie (D:7)
  23 kobolds
  2 kobold skeletons (D:4)
  A kobold zombie (D:4)
  An orc skeleton (D:4)
  A quokka skeleton (D:8)
  A quokka zombie (D:7)
  17 rats
  A ballistomycete (D:9)
293 creatures vanquished.

Vanquished Creatures (others)
  A sky beast (D:5)
  3 slaves (D:6)
  A hound (D:6)
  A giant gecko (D:6)
  2 orcs (D:6)
  A goblin (D:6)
  2 hobgoblins
  A kobold (D:6)
  A giant spore (D:8)
13 creatures vanquished.

Grand Total: 306 creatures vanquished

Notes
Turn   | Place    | Note
--------------------------------------------------------------
     0 | Abyss:1  | Ngotmuk, the Demonspawn Abyssal Knight, began the quest for the Orb.
     0 | Abyss:1  | Reached XP level 1. HP: 18/18 MP: 1/1
    35 | D:1      | Escaped the Abyss
   299 | D:1      | Reached skill level 1 in Dodging
   465 | D:1      | Gained mutation: You have a somewhat thin skeletal structure (Dex +2, Stealth). [demonic ancestry]
   465 | D:1      | Reached XP level 2. HP: 22/24 MP: 2/2
   503 | D:1      | Acquired Lugonu's second power
  1700 | D:1      | Gained mutation: You are slightly more attuned to the shadows. [demonic ancestry]
  1700 | D:1      | Reached XP level 3. HP: 6/29 MP: 4/4
  2300 | D:2      | Found a shimmering altar of Xom.
  2385 | D:3      | Found a bloodstained altar of Trog.
  2694 | D:3      | Gained mutation: You have sharp toenails. [demonic ancestry]
  2694 | D:3      | Reached XP level 4. HP: 35/35 MP: 5/5
  2795 | D:3      | Acquired Lugonu's third power
  2932 | D:3      | Found a white marble altar of Elyvilon.
  3328 | D:4      | Noticed Terence
  3338 | D:4      | Killed Terence
  3361 | D:4      | Found a glowing golden altar of the Shining One.
  3726 | D:4      | Gained mutation: Your magical and physical power is slightly enhanced at high health. [demonic ancestry]
  3726 | D:4      | Reached XP level 5. HP: 17/41 MP: 8/8
  4120 | D:4      | Noticed Pikaro's ghost (average OpAs)
  4166 | D:4      | Acquired Lugonu's fourth power
  4242 | D:4      | Found a glowing silver altar of Zin.
  4320 | D:4      | Reached XP level 6. HP: 48/48 MP: 10/10
  4383 | D:4      | Noticed Robin
  4392 | D:4      | Killed Robin
  4570 | D:5      | Entered Level 5 of the Dungeon
  4749 | D:5      | Reached skill level 4 in Fighting
  4765 | D:5      | Found an iron altar of Okawaru.
  4822 | D:5      | Found a staircase to the Ecumenical Temple.
  4872 | D:5      | Found a shadowy altar of Dithmenos.
  4902 | D:5      | Found a sacrificial altar of Ru.
  4944 | D:5      | Gained mutation: You are significantly more attuned to the shadows. [demonic ancestry]
  4944 | D:5      | Reached XP level 7. HP: 41/54 MP: 10/12
  5002 | D:5      | Noticed Restia's ghost (experienced DEFE)
  5016 | D:5      | Killed Restia's ghost
  5473 | D:5      | Reached skill level 5 in Invocations
  5516 | D:5      | Acquired Lugonu's fifth power
  5678 | D:5      | Found a blossoming altar of Fedhas.
  5691 | D:5      | Got a brightly glowing whip
  5692 | D:5      | Identified the +3 whip of Beaghio {antimagic, *Rage rN+++ Str+2 Dex-4} (You found it on level 5 of the Dungeon)
  5865 | D:4      | Killed Pikaro's ghost
  5865 | D:4      | Reached skill level 5 in Fighting
  5865 | D:4      | Gained mutation: Your magical and physical power is enhanced at high health. [demonic ancestry]
  5865 | D:4      | Reached XP level 8. HP: 49/62 MP: 5/15
  6163 | D:6      | Noticed Pikel
  6172 | D:6      | Killed Pikel
  6172 | D:6      | Reached skill level 6 in Invocations
  6264 | D:6      | Reached skill level 5 in Maces & Flails
  6645 | D:6      | Reached skill level 5 in Armour
  6645 | D:6      | Reached skill level 5 in Dodging
  6690 | D:6      | Reached XP level 9. HP: 37/69 MP: 6/19
  7044 | D:6      | Noticed Menkaure
  7055 | D:6      | Killed Menkaure
  7055 | D:6      | Reached skill level 7 in Invocations
  7375 | D:6      | Found Wunuh's Whimsical Warehouse.
  7376 | D:6      | Noticed Natasha
  7386 | D:6      | Killed Natasha
  8637 | D:8      | Reached skill level 8 in Invocations
  9045 | D:8      | Found a stormy altar of Qazlal.
  9045 | D:8      | Found an opulent altar of Gozag.
  9440 | D:9      | Noticed Dowan
  9444 | D:9      | Noticed Duvessa
  9451 | D:9      | Killed Duvessa
  9454 | D:9      | Killed Dowan
  9502 | D:9      | Noticed Joseph
  9517 | D:9      | Killed Joseph
  9517 | D:9      | Gained mutation: You are partially covered in sharp spines. [demonic ancestry]
  9517 | D:9      | Reached XP level 10. HP: 61/79 MP: 22/22
 10419 | D:8      | Reached skill level 9 in Invocations
 10423 | D:8      | Gained mutation: You passively map a small area around you. [mutagenic meat]
 10542 | D:9      | Noticed an ice statue
 10581 | D:9      | Killed an ice statue
 10832 | D:10     | Entered Level 10 of the Dungeon
 11026 | D:10     | Reached skill level 10 in Invocations
 11219 | D:10     | Reached XP level 11. HP: 67/86 MP: 25/25
 11220 | D:10     | Found a staircase to the Lair.
 11353 | D:10     | Found Fuigroowk's Armour Shoppe.
 11356 | D:10     | Noticed a hill giant
 11431 | D:11     | Mangled by a komodo dragon

Action                   |  1- 3 |  4- 6 |  7- 9 | 10-12 || total
-------------------------+-------+-------+-------+-------++-------
Melee: Mace              |   153 |       |       |       ||   153
       Flail             |     1 |   148 |   180 |   194 ||   523
       Club              |       |    94 |       |       ||    94
       Whip              |       |       |   173 |       ||   173
  Use: Scroll            |       |       |    19 |     4 ||    23
       Potion            |       |       |     1 |     2 ||     3
 Stab: Sleeping          |     1 |     6 |    23 |     9 ||    39
       Petrified         |       |     2 |       |       ||     2
       Paralysed         |       |     1 |       |       ||     1
       Distracted        |       |       |     2 |       ||     2
  Eat: Meat ration       |     1 |       |     4 |       ||     5
       Pizza             |     1 |       |       |       ||     1
       Bread ration      |       |     1 |     1 |     1 ||     3
       Beef jerky        |       |     1 |       |       ||     1
       Fruit             |       |       |     1 |       ||     1
       Chunk             |       |       |       |     1 ||     1
